 Dungeon Crawl Stone Soup version 0.23.1 (webtiles) character file.

Game seed: 1894320995721117626

196 Kairos the Shield-Bearer (level 5, 0/28 HPs)
             Began as a Vine Stalker Fighter on Mar 7, 2019.
             Succumbed to an adder's poison
             ... on level 2 of the Dungeon.
             The game lasted 00:00:58 (780 turns).

Kairos the Shield-Bearer (Vine Stalker Fighter)      Turns: 780, Time: 00:00:59

Health: 0/28       AC:  6    Str: 20    XL:     5   Next: 74%
Magic:  0/6        EV:  7    Int: 13    God:
Gold:   55         SH:  9    Dex: 13    Spells: 4/4 levels left

rFire    . . .     SeeInvis .   a - +1 war axe
rCold    . . .     Gourm    .   c - +0 shield
rNeg     . . .     Faith    .   b - +0 scale mail
rPois    .         Spirit   +   (no helmet)
rElec    .         Reflect  .   (no cloak)
rCorr    .         Harm     .   (no gloves)
MR       .....                  (no boots)
Stlth    ..........             (no amulet)
HPRegen  0.49/turn              (no ring)
MPRegen  0.10/turn              (no ring)

@: brilliant, lethally poisoned (0 -> -2)
A: fangs 2, regeneration 1, magic shield, antimagic bite, no potion heal 3, rot
immunity
a: no special abilities


You were on level 2 of the Dungeon.
You were not hungry.

You visited 1 branch of the dungeon, and saw 2 of its levels.

You collected 55 gold pieces.

Inventory:

Hand Weapons
 a - a +1 war axe (weapon)
 i - a +1 hunting sling of flaming
Armour
 b - a +0 scale mail (worn)
 c - a +0 shield (worn)
Potions
 d - 2 potions of might
 e - a potion of magic
Comestibles
 f - a ration


   Skills:
 + Level 3.3 Fighting
 + Level 3.3 Axes
 + Level 3.0 Armour
 + Level 0.5 Dodging
 + Level 3.7 Shields


You had 4 spell levels left.
You didn't know any spells.
Your spell library was empty.

Dungeon Overview and Level Annotations

Branches:
Dungeon (2/15)

Altars:


Innate Abilities, Weirdness & Mutations

You have extremely sharp teeth.
Your natural rate of healing is unusually fast.
When hurt, damage is shared between your health and your magic reserves.
Your bite disrupts and absorbs the magic of your enemies.
Potions cannot restore your health.
You are immune to rotting.


Message History

Sigmund is almost dead.
You hit the adder. You hit the adder but do no damage.
You barely miss the worm. The adder bites you.
* * * LOW HITPOINT WARNING * * *
You are lethally poisoned!
The adder poisons you! The adder bites you.
* * * LOW HITPOINT WARNING * * *
You are more poisoned.
The adder poisons you! You block the adder's attack.
The worm barely misses you. Sigmund barely misses you.
The adder bites you but does no damage.
You slash Sigmund!
You kill Sigmund!
Your Axes skill increases to level 3!
Your Armour skill increases to level 3!
You have reached level 4!
You feel stronger.
You begin to heal more quickly.
You have reached level 5!
You barely miss the adder. You miss the adder. You hit the worm.
You die...

##. .. #.# ..
######.#####
...........
.........#
......)S.###...
......)@.......
.>....S)w.##...
..........# .
............
##.....######
#.#.#. #.#.#. #
#...


You could see a worm and 2 adders.

Vanquished Creatures
  Sigmund (D:2)
  An ooze (D:1)
  A dart slug (D:1)
  2 bats (D:1)
  2 goblins (D:2)
  6 hobgoblins
  4 kobolds (D:1)
  5 frilled lizards
22 creatures vanquished.

Notes
Turn   | Place    | Note
-------+----------+-------------------------------------------
     0 | D:1      | Kairos the Vine Stalker Fighter began the quest for the
                  | Orb.
     0 | D:1      | Reached XP level 1. HP: 11/11 MP: 2/2
   103 | D:1      | Reached XP level 2. HP: 13/16 MP: 3/3
   602 | D:1      | Reached XP level 3. HP: 18/19 MP: 4/4
   769 | D:2      | Noticed Sigmund
   779 | D:2      | HP: 1/20 [adder (1)]
   780 | D:2      | Killed Sigmund
   780 | D:2      | Gained mutation: Your natural rate of healing is unusually
                  | fast. [Vine Stalker growth]
   780 | D:2      | Reached XP level 4. HP: 1/24 MP: 0/5
   780 | D:2      | Reached XP level 5. HP: 1/28 MP: 0/6
   780 | D:2      | Succumbed to an adder's poison

Skill      XL: |  1  2  3 |
---------------+----------+-----
Axes           | 2 3 |  3.3
Shields        | 3 |  3.7
Fighting       | 3 |  3.3
Armour         | 3 |  3.0
Dodging        | |  0.5

Action                   |  1- 3 |  4- 6 || total
-------------------------+-------+-------++-------
Melee: War axe           |    58 |       ||    58
       Bite              |    12 |       ||    12
  Use: Scroll            |     3 |       ||     3
       Potion            |     3 |       ||     3
Armor: Scale mail        |    25 |       ||    25
Dodge: Dodged            |    19 |       ||    19
Block: Shield            |    32 |       ||    32
